 Dungeon Crawl Stone Soup version 0.18-a0-960-g77c8fc5 (webtiles) character file.

19 M4edhros the Charlatan (level 2, 0/18 HPs)
             Began as an Octopode Artificer on Dec 31, 2015.
             Slain by a quokka (2 damage)
             ... on level 4 of the Dungeon.
             The game lasted 00:02:00 (969 turns).

M4edhros the Charlatan (Octopode Artificer)          Turns: 969, Time: 00:02:01

Health: 0/18       AC:  1    Str: 10    XL:     2   Next: 75%
Magic:  0/4        EV: 12    Int: 14    God:
Gold:   65         SH:  0    Dex: 12    Spells: 0 memorised, 1 level left

rFire  . . .     SeeInvis .     a - +0 short sword
rCold  . . .     Gourm    .     (no shield)
rNeg   . . .     Faith    .     (helmet restricted)
rPois  .         Spirit   +     j - amulet of guardian spirit
rElec  .         Dismiss  .     (no ring)
rCorr  .         Reflect  .     (no ring)
SustAt .         Harm     .     (no ring)
MR     .....                    (no ring)
Stlth  +++.......               (no ring)
                                (no ring)
                                (no ring)
                                (no ring)

@: not resistant to hostile enchantments, fairly stealthy
A: almost no armour, amphibious, 8 rings, constrict 8, camouflage 1, gelatinous
body 1
a: no special abilities


You were on level 4 of the Dungeon.
You were not hungry.

You visited 1 branch of the dungeon, and saw 4 of its levels.

You collected 65 gold pieces.

Inventory:

Hand Weapons
 a - a +0 short sword (weapon)
Missiles
 g - 13 sling bullets
 l - 25 stones (quivered)
 s - 7 curare-tipped needles
Jewellery
 j - an amulet of guardian spirit (around mantle)
Wands
 b - a wand of flame (15/48)
 c - a wand of enslavement (15/24)
 d - a wand of random effects (15/48)
Scrolls
 e - 3 scrolls of identify {unknown}
 k - a scroll of immolation {unknown}
 o - a scroll of noise {unknown}
 q - a scroll of amnesia {unknown}
Potions
 h - a potion of flight {unknown}
 i - a potion of degeneration {unknown}
 n - a potion of heal wounds {unknown}
 p - a potion of curing {unknown}
 r - a potion of invisibility {unknown}
 t - a potion of might {unknown}
Comestibles
 f - 2 bread rations
 m - a royal jelly


   Skills:
 - Level 1.0 Fighting
 - Level 1.0 Short Blades
 * Level 2.2 Dodging
 * Level 2.6 Stealth
 + Level 3.7 Evocations


You had one spell level left.
You didn't know any spells.

Dungeon Overview and Level Annotations

Branches:
Dungeon (4/15)
 Temple: D:4-7

Altars:

Annotations:
D:4 exclusion: ogre


Innate Abilities, Weirdness & Mutations

You cannot wear most types of armour.
You are amphibious.
You can wear up to eight rings at the same time.
You can use your tentacles to constrict eight enemies at once.
Your skin changes colour to match your surroundings (Stealth).
Your rubbery body absorbs attacks (AC +1).


Message History

e - 3 scrolls labeled ANNUYGU GEFASM (gained 1)
t - a viscous orange potion A quokka comes into view.
Found an escape hatch in the ceiling.
A quokka is nearby!
Found a royal jelly.
An ogre comes into view. It is wielding a giant club.
The ogre shouts!
Found 11 stones.
The quokka bites you.
You hit the quokka. Your grab misses the quokka.
The quokka is almost dead.
The quokka bites you but does no damage.
You closely miss the quokka. Your grab misses the quokka.
The quokka is almost dead.
The quokka barely misses you. The ogre hits you with a giant club!!
Ouch! That really hurt!
* * * LOW HITPOINT WARNING * * *
The quokka bites you.
You die...

#### ### #... ..#
###...###.# #######
#.......#.# #......
#.%..O..#.#######.####.
#....r@..............#.
##.<......#######.##.#.
#........# #.##.#.
#.#.###.## #...... # #.
#.########.##.## ..
..#............. (.
...#...........## #.#
#.##...........#
#..........###


You could see an ogre and a quokka.

Vanquished Creatures
  A giant gecko (D:3)
  A ball python (D:3)
  2 giant cockroaches (D:2)
  A goblin (D:1)
  4 hobgoblins
  2 kobolds
  3 bats
  A giant newt (D:2)
  A rat (D:1)
16 creatures vanquished.

Notes
Turn   | Place    | Note
--------------------------------------------------------------
     0 | D:1      | M4edhros the Octopode Artificer began the quest for the Orb.
     0 | D:1      | Reached XP level 1. HP: 13/13 MP: 3/3
   269 | D:1      | Reached XP level 2. HP: 6/18 MP: 4/4
   896 | D:4      | Noticed an ogre
   965 | D:4      | Noticed an ogre
   969 | D:4      | Slain by a quokka

Vault maps used:
D:1:      evilmike_arrival_rings
D:2:      lemuel_crystal_altar
D:3:      lemuel_upstairs_altar, elyvilon_altar_1,
          nicolae_overflow_hidden_temple
D:4:      lemuel_doored_altar, first_bread, uniq_eustachio, uniq_pikel

Action                   || total
-------------------------++-------
Melee: Short sword       ||    33
 Stab: Sleeping          ||     4
